Map: Jagannatha LE

Players

Serral - Winner!

  • Race: Zerg Zerg

Reynor

  • Race: Zerg Zerg

Event: DreamHack SC2 Masters 2021 Fall

VOD

Have the link to the VOD?

Description

Time

  • Played on: Aug. 13, 2021, 12:16 p.m.
  • Length: 9:36

All games in this series

Show
View Real Time Build Order
Export as new Build Order

Serral Zerg - Winner!

Build Orders: Hatch First 

Get SALT Encoding   

  12  0:00  Drone  
  13  0:12  Overlord  
  13  0:17  Drone  
  14  0:30  Drone x2  
  16  0:48  Hatchery  
  15  0:51  Drone  
  15  0:55  Drone  
  17  0:58  Drone  
  18  1:09  Extractor  
  17  1:13  Spawning Pool  
  17  1:17  Drone  
  17  1:20  Drone  
  18  1:27  Drone  
  19  1:38  Drone  
  20  1:49  Drone  
  21  2:00  Queen x2  
  21  2:01  Zergling x2, Overlord  
  26  2:09  Metabolic Boost  
  26  2:11  Drone  
  26  2:12  Drone  
  28  2:21  Drone  
  28  2:22  Drone  
  30  2:32  Zergling x2  
  30  2:35  Hatchery  
  30  2:38  Drone  
  30  2:44  Drone  
  32  2:45  Overlord  
  32  2:54  Drone  
  32  2:55  Zergling x2  
  34  3:04  Zergling x2  
  34  3:05  Zergling x2  
  36  3:07  Zergling x4  
  36  3:08  Zergling x8  
  42  3:13  Baneling Nest  
  42  3:17  Drone  
  42  3:18  Overlord  
  42  3:30  Zergling x2, Drone  
  44  3:35  Evolution Chamber  
  44  3:39  Drone x2  
  44  3:40  Drone  
  44  3:41  Zergling x2  
  47  3:42  Drone x2  
  47  3:44  Drone x2  
  49  3:56  Drone x2  
  49  3:57  Zergling x2  
  49  4:00  Zergling x2  
  49  4:01  Baneling  
  48  4:06  Zergling x4  
  48  4:09  Drone  
  51  4:11  Queen  
  51  4:12  Drone x2  
  51  4:14  Baneling  
  51  4:15  Zergling x4  
  54  4:25  Baneling  
  54  4:28  Zerg Ground Armor Level 1  
  54  4:32  Drone x2  
  54  4:37  Extractor  
  53  4:38  Extractor  
  53  4:41  Drone x4, Roach Warren  
  53  4:45  Overlord  
  55  4:46  Drone  
  55  4:47  Drone  
  55  4:50  Overlord x2  
  57  4:53  Baneling  
  57  4:57  Overlord  
  57  5:06  Drone x2  
  59  5:14  Drone  
  59  5:16  Overlord  
  59  5:23  Roach x8  
  77  5:28  Roach x3  
  81  5:39  Roach x3  
  81  5:41  Overlord  
  87  5:48  Roach x3  
  91  5:57  Zergling x14  
  97  6:08  Zergling x10  
  101  6:11  Zergling x6  
  101  6:12  Zergling x2  
  101  6:15  Baneling x5, Overlord  
  101  6:17  Zergling x2  
  105  6:26  Overlord  
  103  6:45  Zergling x28  
  112  6:49  Zergling x2  
  112  6:50  Lair  
  112  6:51  Zerg Missile Weapons Level 1  
  112  6:53  Zergling x2  
  106  6:56  Zergling x2  
  106  7:00  Zergling x2  
  103  7:04  Zergling x2  
  100  7:09  Zergling x14  
  104  7:17  Baneling x4, Hatchery  
  104  7:20  Zergling x6  
  104  7:29  Drone x4  
  100  7:32  Drone x2  
  96  7:40  Drone x6  
  96  7:42  Drone x2  
  89  7:45  Overlord  
  89  7:50  Overlord  
  86  7:52  Glial Reconstitution  
  86  7:53  Extractor, Roach x3  
  86  7:56  Roach x2  
  95  8:04  Extractor, Drone  
  95  8:07  Roach x5  
  95  8:09  Overseer  
  95  8:11  Drone  
  95  8:12  Drone x2  
  107  8:18  Roach x3  
  113  8:23  Overlord  
  113  8:25  Roach x2  
  116  8:33  Roach x4  
  124  8:38  Roach x4  
  132  8:49  Roach x4  
  140  8:57  Roach x4  
  140  8:58  Roach  
  150  9:02  Overlord  
  150  9:03  Overlord  
  150  9:10  Overlord  
  150  9:12  Roach  
Show
View Real Time Build Order
Export as new Build Order

Reynor Zerg 

Build Orders: Hatch First 

Get SALT Encoding   

  12  0:00  Drone  
  13  0:11  Overlord  
  13  0:16  Drone  
  14  0:30  Drone x2  
  16  0:47  Hatchery  
  15  0:51  Drone  
  15  0:54  Drone  
  17  0:57  Drone  
  18  1:08  Extractor  
  17  1:13  Spawning Pool  
  17  1:16  Drone  
  17  1:19  Drone  
  18  1:27  Drone  
  19  1:38  Drone  
  20  1:48  Drone  
  21  1:59  Overlord  
  21  2:00  Queen x2  
  21  2:01  Zergling x2  
  26  2:08  Metabolic Boost  
  26  2:10  Drone  
  26  2:11  Drone  
  28  2:21  Drone x2  
  30  2:34  Hatchery  
  30  2:35  Drone  
  30  2:38  Drone  
  31  2:44  Baneling Nest  
  31  2:46  Drone  
  31  2:48  Drone  
  32  2:54  Overlord  
  32  2:56  Drone  
  33  3:04  Zergling x4  
  35  3:07  Drone  
  36  3:13  Zergling x4, Queen  
  36  3:16  Overlord  
  40  3:21  Evolution Chamber  
  40  3:22  Drone  
  40  3:24  Drone  
  40  3:26  Drone  
  42  3:28  Baneling x2  
  42  3:30  Baneling  
  42  3:32  Zergling x2  
  42  3:33  Zergling x2  
  44  3:35  Zergling x2  
  44  3:40  Zergling x4  
  47  3:44  Overlord  
  47  3:45  Baneling  
  47  3:51  Zergling x4  
  47  3:52  Drone x2  
  50  3:58  Drone x3  
  53  4:03  Zerg Missile Weapons Level 1  
  53  4:04  Drone  
  53  4:08  Drone  
  53  4:09  Drone  
  56  4:11  Drone  
  56  4:15  Drone  
  57  4:18  Overlord  
  57  4:20  Drone  
  57  4:21  Drone  
  59  4:27  Overlord  
  59  4:29  Drone x2  
  60  4:35  Overlord  
  60  4:36  Drone x3  
  62  4:38  Lair  
  62  4:43  Roach Warren  
  61  4:46  Extractor, Drone x3  
  61  4:47  Zergling x2  
  61  4:48  Extractor  
  61  4:50  Zergling x2  
  64  4:53  Drone x3  
  64  4:54  Drone  
  64  4:58  Baneling x2  
  64  4:59  Overlord  
  68  5:00  Drone x2  
  68  5:03  Drone  
  68  5:05  Drone x2  
  73  5:08  Drone  
  73  5:09  Drone x2  
  72  5:20  Overlord  
  72  5:21  Drone x6  
  74  5:23  Extractor, Zergling x6  
  74  5:24  Extractor  
  74  5:27  Drone  
  74  5:28  Drone  
  80  5:29  Extractor  
  80  5:31  Overlord  
  79  5:40  Overseer  
  79  5:41  Drone  
  79  5:42  Drone  
  81  5:47  Zergling x4  
  81  5:48  Zergling x2  
  81  5:49  Overlord  
  83  5:55  Hatchery  
  82  6:01  Zergling x12  
  82  6:03  Overlord  
  85  6:11  Roach x8  
  99  6:16  Roach  
  101  6:20  Baneling x2, Spine Crawler  
  101  6:21  Spine Crawler, Roach  
  101  6:24  Roach  
  100  6:27  Roach  
  100  6:32  Roach  
  103  6:34  Queen  
  103  6:37  Roach x2  
  103  6:39  Roach x2  
  108  6:43  Roach x2  
  108  6:44  Roach  
  112  6:49  Roach  
  112  6:52  Roach  
  88  6:56  Roach  
  88  6:59  Roach  
  81  7:01  Roach x4  
  81  7:02  Roach x2  
  81  7:03  Roach  
  81  7:08  Roach  
  84  7:11  Roach  
  84  7:15  Roach x2  
  82  7:16  Zergling x4  
  76  7:26  Drone x3  
  59  7:48  Drone x4  
  59  7:55  Drone  
  59  7:57  Drone  
  61  7:58  Drone  
  61  8:00  Drone  
  63  8:10  Drone x2  
  63  8:11  Drone  
  66  8:16  Drone  
  67  8:32  Hatchery, Roach  
  68  8:36  Roach x2  
  68  8:39  Roach  
  74  8:42  Roach  
  74  8:47  Roach x2  
  80  8:52  Roach x2  
  86  8:55  Roach  
  86  8:57  Roach  
  86  9:02  Roach  
  90  9:06  Roach  
  92  9:13  Overlord  
  92  9:16  Ravager x2  
  94  9:22  Ravager  

Tags
 
Add a new tag
Caveats
  • Supply blocks, unpowered buildings, or Contaminate may cause inaccurate times.
  • Supply counts are checked every 10 seconds.